 Dungeon Crawl Stone Soup version 0.20.0-10-g0535bb4 (webtiles) character file.

111132 esteth the Severer (level 16, -15/148 HPs)
             Began as a Minotaur Berserker on June 6, 2017.
             Was a High Priest of Trog.
             Blown up by an orb spider (36 damage)
             ... with an orb of destruction
             ... on level 1 of the Spider Nest on June 7, 2017.
             The game lasted 01:12:57 (29455 turns).

esteth the Severer (Minotaur Berserker)            Turns: 29455, Time: 01:12:58

Health: -15/148    AC: 26    Str: 25    XL:     16   Next: 8%
Magic:  6/6        EV: 21    Int:  4    God:    Trog [*****.]
Gold:   2015       SH:  8    Dex: 19    Spells: 15/15 levels left

rFire    . . .     SeeInvis +   Q - +9 battleaxe (antimagic)
rCold    . . .     Gourm    .   (shield currently unavailable)
rNeg     . . .     Faith    .   R - +1 ring mail of Death Resistance {rPois MR+ rCorr Dex+5}
rPois    +         Spirit   .   f - +2 hat
rElec    .         Reflect  +   I - +2 cloak
rCorr    +         Harm     .   u - +0 pair of gloves
MR       ++++.                  n - +2 pair of boots
Stlth    +.........             A - brooch of Shielding {Reflect SH+8}
Regen    1.4/turn               P - +5 ring of protection
MPRegen  0.1/turn               w - ring of see invisible

@: regenerating
A: retaliatory headbutt, horns 2, rugged brown scales 1, low mp 1, subdued magic
1
a: Berserk, Trog's Hand, Brothers in Arms, Burn Spellbooks, Renounce Religion


You were on level 1 of the Spider Nest.
You worshipped Trog.
Trog was extremely pleased with you.
You were hungry.

You visited 4 branches of the dungeon, and saw 24 of its levels.
You also visited: Sewer and Ice Cave.

You collected 3475 gold pieces.
You spent 1460 gold pieces at shops.

Inventory:

Hand Weapons
 i - the +2 hand axe of Abuse {flame, rPois Int+2 Dex+7}
   (You found it on level 6 of the Dungeon)

   It has been specially enchanted to burn those struck by it, causing extra
   injury to most foes and up to half again as much damage against particularly
   susceptible opponents.
   Big, fiery blades are also staple armaments of hydra-hunters.
   It affects your intelligence (+2).
   It affects your dexterity (+7).
   It protects you from poison.
 r - a +1 arbalest of freezing
 H - a +2 quarterstaff of holy wrath
 Q - a +9 antimagic battleaxe (weapon)
 Z - a +4 broad axe of flaming
Missiles
 s - 8 steel javelins (quivered)
Armour
 a - a scarf of cloud immunity
 f - a +2 hat (worn)
 l - a +1 plate armour of fire resistance
 n - a +2 pair of boots (worn)
 u - a +0 pair of gloves (worn)
 I - a +2 cloak (worn)
 M - +1 ice dragon scales
 R - the +1 ring mail of Death Resistance (worn) {rPois MR+ rCorr Dex+5}
   (You found it on level 10 of the Dungeon)

   It affects your dexterity (+5).
   It protects you from poison.
   It affects your resistance to hostile enchantments.
   It protects you from acid and corrosion.
Jewellery
 j - an uncursed ring of positive energy
 k - an uncursed ring of fire
 w - a ring of see invisible (right hand)
 y - an uncursed ring of ice
 A - the brooch of Shielding (around neck) {Reflect SH+8}
   (You found it on level 4 of the Dungeon)

   [amulet of reflection]

   It shields you and reflects attacks.
   It affects your SH (+8).
 C - an uncursed ring of protection from magic
 E - an uncursed ring of poison resistance
 N - an uncursed ring of positive energy
 P - a +5 ring of protection (left hand)
 S - a +3 ring of dexterity
Wands
 G - a wand of clouds (4/9)
 V - a wand of digging (9/24)
Scrolls
 d - 9 scrolls of remove curse
 e - 6 scrolls of identify
 h - 10 scrolls of teleportation
 x - 6 scrolls of magic mapping
 D - a scroll of fear
 F - a scroll of fog
 L - 4 scrolls of blinking
 Y - 2 scrolls of recharging
Potions
 m - 3 potions of might
 o - 3 potions of agility
 p - 3 potions of ambrosia
 t - a potion of magic
 v - 6 potions of curing
 z - 6 potions of flight
 B - a potion of resistance
 K - 2 potions of berserk rage
 T - a potion of cancellation
Books
 J - a book of Fire

   Spells                             Type                      Level
   a - Ignite Poison                  Fire/Transmutation/Poison    3
   b - Fireball                       Conjuration/Fire             5
   c - Bolt of Fire                   Conjuration/Fire             6
   d - Ring of Flames                 Charms/Fire                  7
   e - Ignition                       Fire                         8
   Trog disapproves of the use of such an item.
 W - a book of Cantrips

   Spells                             Type                      Level
   a - Confusing Touch                Hexes                        1
   b - Animate Skeleton               Necromancy                   1
   c - Summon Small Mammal            Summoning                    1
   d - Apportation                    Translocation                1
   Trog disapproves of the use of such an item.
Comestibles
 c - 8 bread rations
 g - 14 meat rations
 q - 19 royal jellies
 O - 45 fruits


   Skills:
 + Level 13.2 Fighting
 - Level 20.1 Axes
 - Level 15.8 Armour
 - Level 12.6 Dodging
   Level 5.6 Shields
 - Level 8.1 Evocations


You had 15 spell levels left.
You didn't know any spells.

Dungeon Overview and Level Annotations

Branches:
Dungeon (15/15)            Temple (0/1) D:6            Lair (6/6) D:9
  Swamp (0/4) Lair:4       Spider (1/4) Lair:2        Slime (0/5) Lair:6
    Orc (2/2) D:10            Elf (0/3) Orc:2        Vaults (0/5) D:14
 Depths (0/5) D:15

Altars:
Ashenzari
Dithmenos
Gozag
Makhleb
Nemelex Xobeh
Qazlal
Sif Muna
Beogh

Shops:
D:6 *   D:8 [   Orc:2 =(*[

Annotations:
Lair:5 exclusion: 2 oklob plants


Innate Abilities, Weirdness & Mutations

You reflexively headbutt those who attack you in melee.
You have a pair of horns on your head.
You are partially covered in rugged brown scales. (AC +1, +3% HP)
Your magical capacity is low. (-10% MP)
Your spells are a little easier to cast, but a little less powerful.


Message History

Your skin crawls.
You feel resistant to hostile enchantments.
You are feeling hungry.
The orb spider begins to weave its threads into a brightly glowing ball.
The orb spider weaves a glowing orb of energy.
An orb of destruction comes into view.
The orb of destruction hits you!
* * * LOW HITPOINT WARNING * * *
You enter the shallow water.
Moving in this stuff is going to be slow.
The orb spider weaves a glowing orb of energy.
The orb spider spins a strand of pure energy.
The orb spider weaves a glowing orb of energy. 2 orbs of destruction come into view.
Why would you want to do that?
The orb spider spins a strand of pure energy.
The wavering orb of destruction hits you!
* * * LOW HITPOINT WARNING * * *
You feel better. The orb of destruction hits you!
You die...

###≈≈≈≈≈≈ ##.#≈≈≈≈≈≈
#...#≈≈≈≈≈≈≈
#....≈#≈#≈≈≈ #####
##.....≈≈≈≈≈≈
##s..####....#.≈≈≈≈≈
####.....##.^..#.≈#≈≈#
##...†##..#.....s#≈≈≈##
..s§..##.....##
##.#...## #..#### #..


You could see 3 orb spiders.

Vanquished Creatures
  A ghoul (D:14)
  2 entropy weavers (Lair:5)
  A dire elephant (D:15)
  3 ettins (Orc:2)
  An ice dragon (IceCv)
  7 hydras
  A catoblepas (D:15)
  5 two-headed ogres
  7 centaur warriors
  A queen ant (Lair:5)
  3 death yaks (Lair:6)
  A tengu warrior (D:14)
  Sonja (Lair:1)
  7 skeletal warriors (D:14)
  2 unseen horrors
  Pikel (D:9)
  An orc knight (Orc:1)
  A wolf spider zombie (D:14)
  2 wolf spiders
  An orc sorcerer (Orc:1)
  A manticore (D:11)
  3 deep elf magi
  14 ugly things
  A cyclops (shapeshifter) (D:15)
  9 cyclopes
  A guardian serpent (shapeshifter) (D:14)
  12 elephants
  Joseph (D:7)
  9 black mambas
  3 gargoyles
  2 ice statues (IceCv)
  6 komodo dragons
  7 rime drakes
  4 demonic crawlers
  4 yaktaurs (D:15)
  3 spiny frogs
  A komodo dragon (shapeshifter) (D:12)
  A freezing wraith (D:14)
  3 kobold demonologists (D:13)
  A redback zombie (D:14)
  A tengu conjurer (D:14)
  2 jumping spiders (Spider:1)
  5 trolls
  4 polar bears (Lair:6)
  Prince Ribbit (D:6)
  8 hornets
  6 slime creatures (D:15)
  6 dream sheep (Lair:6)
  7 blink frogs
  9 hippogriffs
  A centaur simulacrum (D:15)
  A redback (Lair:2)
  3 shadows
  A tarantella (Spider:1)
  6 wyverns
  A vampire (D:14)
  2 water elementals (D:15)
  3 basilisks
  A hog (shapeshifter) (D:15)
  A hungry ghost (D:14)
  14 spriggans
  12 vampire mosquitoes (D:14)
  A steam dragon (D:14)
  72 yaks
  3 insubstantial wisps (Lair:4)
  3 wargs
  6 soldier ants
  5 porcupines
  7 water moccasins
  18 orc warriors
  4 sky beasts
  17 ice beasts
  A necrophage (D:12)
  2 black bears (Lair:6)
  4 boggarts (Lair:6)
  A phantom (D:7)
  31 centaurs
  7 ogres
  29 wolves
  15 crocodiles
  7 big kobolds
  14 bullfrogs
  A wyvern zombie (D:14)
  A scorpion (D:5)
  6 killer bees (D:7)
  A wight (D:5)
  4 howler monkeys
  6 electric eels
  10 crimson imps
  6 hounds
  3 bullfrog zombies
  5 centaur zombies
  10 orc wizards
  13 orc priests
  7 jellies
  A bullfrog skeleton (D:12)
  8 centaur skeletons
  3 iguanas
  Natasha (thrice) (D:2)
  21 worker ants
  Terence (D:2)
  2 hound zombies
  A mummy (D:14)
  7 gnolls
  A howler monkey skeleton (D:6)
  17 adders
  9 river rats
  2 shadow imps
  5 oozes
  An adder skeleton (D:5)
  A worm (D:2)
  2 dart slugs
  8 leopard geckos
  49 orcs
  6 bats
  10 giant cockroaches
  8 goblins
  7 hobgoblins
  6 jackals
  33 kobolds
  2 quokkas
  5 ball pythons
  4 frilled lizards
  2 jackal zombies
  A quokka zombie (D:6)
  23 rats
  6 fungi
  11 plants
816 creatures vanquished.

Vanquished Creatures (collateral kills)
  A quicksilver dragon (shapeshifter) (D:14)
  A stone giant (Orc:2)
  An ice dragon (IceCv)
  Erolcha (D:9)
  A centaur warrior (D:14)
  A death knight (D:11)
  An orc knight (D:15)
  2 cyclopes (Orc:2)
  A troll (D:15)
  A water elemental (D:15)
  2 vampire mosquitoes (D:14)
  An eye of draining (shapeshifter) (D:14)
  A crimson imp (D:15)
15 creatures vanquished.

Vanquished Creatures (others)
  A cyclops (Orc:2)
  A yak (Lair:6)
  A slave (D:9)
  9 fungi
  8 plants
20 creatures vanquished.

Grand Total: 851 creatures vanquished

Notes
Turn   | Place    | Note
-------+----------+-------------------------------------------
     0 | D:1      | esteth the Minotaur Berserker began the quest for the Orb.
     0 | D:1      | Reached XP level 1. HP: 19/19 MP: 0/0
    37 | D:1      | Reached skill level 4 in Axes
    41 | D:1      | Reached XP level 2. HP: 14/26 MP: 1/1
   885 | D:1      | Reached skill level 5 in Axes
  1372 | D:2      | Reached XP level 3. HP: 31/31 MP: 2/2
  1599 | D:2      | Noticed Terence
  1610 | D:2      | Killed Terence
  1618 | D:2      | Noticed Natasha
  1622 | D:2      | Reached XP level 4. HP: 22/39 MP: 3/3
  1627 | D:2      | Killed Natasha
  1627 | D:2      | Reached skill level 6 in Axes
  1889 | D:2      | Noticed Natasha
  1893 | D:2      | Killed Natasha
  1948 | D:2      | Noticed Natasha
  1953 | D:2      | Killed Natasha
  1953 | D:2      | Reached skill level 7 in Axes
  1953 | D:2      | Reached XP level 5. HP: 40/45 MP: 4/4
  1997 | D:2      | Reached ** piety under Trog
  2203 | D:3      | Found a faded altar of an unknown god.
  2542 | D:3      | Reached skill level 8 in Axes
  2552 | D:3      | Found a glowing drain.
  2556 | Sewer    | Entered a sewer
  2698 | Sewer    | Reached XP level 6. HP: 51/51 MP: 5/5
  2703 | Sewer    | Reached *** piety under Trog
  3086 | Sewer    | Reached skill level 9 in Axes
  3153 | Sewer    | Reached XP level 7. HP: 53/57 MP: 6/6
  3409 | D:3      | Reached skill level 10 in Axes
  3533 | D:3      | Found a deep blue altar of Sif Muna.
  3535 | D:3      | Found a burning altar of Makhleb.
  3911 | D:4      | Reached **** piety under Trog
  3988 | D:4      | Reached skill level 1 in Evocations
  4722 | D:5      | Entered Level 5 of the Dungeon
  4756 | D:5      | Reached XP level 8. HP: 67/67 MP: 9/9
  4908 | D:5      | Found an opulent altar of Gozag.
  4909 | D:5      | Found a sparkling altar of Nemelex Xobeh.
  5040 | D:5      | Reached skill level 5 in Evocations
  5258 | D:6      | Found a staircase to the Ecumenical Temple.
  5259 | D:6      | Got a polished hand axe
  5260 | D:6      | Identified the +2 hand axe of Abuse {flame, rPois Int+2 Dex+7} (You found it on level 6 of the Dungeon)
  5330 | D:6      | Reached ***** piety under Trog
  5499 | D:6      | Noticed Prince Ribbit
  5522 | D:6      | Killed Prince Ribbit
  5755 | D:6      | Found Egecoyxu's General Store.
  5888 | D:6      | Found a stormy altar of Qazlal.
  5894 | D:6      | Noticed an air elemental
  6058 | D:6      | Reached XP level 9. HP: 72/72 MP: 13/13
  6210 | D:7      | Found a shadowy altar of Dithmenos.
  6346 | D:7      | Reached skill level 5 in Fighting
  6678 | D:7      | Noticed Joseph
  6690 | D:7      | Killed Joseph
  7206 | D:7      | Reached skill level 10 in Fighting
  7213 | D:7      | Reached XP level 10. HP: 62/94 MP: 15/15
  7710 | D:8      | Reached skill level 1 in Shields
  7791 | D:8      | Found Ujiw's Antique Armour Shoppe.
  7937 | D:9      | Noticed a two-headed ogre
  7946 | D:9      | Killed a two-headed ogre
  7946 | D:9      | Reached skill level 5 in Shields
  8120 | D:9      | Reached skill level 11 in Axes
  8385 | D:9      | Found a shattered altar of Ashenzari.
  8412 | D:9      | Found a staircase to the Lair.
  8465 | D:9      | Noticed Pikel
  8480 | D:9      | Killed Pikel
  8480 | D:9      | Reached skill level 12 in Axes
  8740 | D:9      | Noticed Erolcha
  8743 | D:9      | Killed Erolcha
  8743 | D:9      | Received a gift from Trog
  8743 | D:9      | Reached XP level 11. HP: 104/104 MP: 16/16
  9027 | D:10     | Entered Level 10 of the Dungeon
  9045 | D:10     | Found a staircase to the Orcish Mines.
  9249 | D:10     | Got a steaming ring mail
  9260 | D:10     | Identified the cursed +1 ring mail of Death Resistance {rPois MR+ rCorr Dex+5} (You found it on level 10 of the Dungeon)
  9516 | D:10     | Paralysed by a hornet for 3 turns
  9528 | D:10     | Reached skill level 13 in Axes
  9871 | D:10     | Noticed a two-headed ogre
  9880 | D:10     | Killed a two-headed ogre
 10286 | D:10     | Reached skill level 14 in Axes
 10535 | D:11     | Noticed an unseen horror
 10540 | D:11     | Killed an unseen horror
 10545 | D:11     | Noticed a death knight
 10556 | D:11     | HP: 1/104 [death knight/enchanted broad axe (19)]
 10557 | D:11     | Killed a death knight
 10557 | D:11     | Reached skill level 15 in Axes
 11903 | D:12     | Noticed a deep elf mage
 11910 | D:12     | Killed a deep elf mage
 12249 | D:12     | Reached XP level 12. HP: 111/112 MP: 5/17
 12318 | D:12     | Reached skill level 16 in Axes
 13403 | Lair:1   | Entered Level 1 of the Lair of Beasts
 13617 | Lair:1   | Received a gift from Trog
 13684 | Lair:1   | Noticed Sonja
 13691 | Lair:1   | Killed Sonja
 13691 | Lair:1   | Reached skill level 17 in Axes
 14442 | Lair:2   | Found a hole to the Spider Nest.
 14491 | Lair:2   | Reached skill level 5 in Armour
 15738 | Lair:4   | Found a staircase to the Swamp.
 15743 | Lair:4   | Reached skill level 10 in Armour
 15995 | Lair:4   | Reached XP level 13. HP: 49/117 MP: 6/18
 17986 | Lair:5   | Noticed an entropy weaver
 17989 | Lair:5   | Noticed an entropy weaver
 17999 | Lair:5   | Killed an entropy weaver
 18013 | Lair:5   | Killed an entropy weaver
 18013 | Lair:5   | Received a gift from Trog
 18758 | Lair:6   | Entered Level 6 of the Lair of Beasts
 18859 | Lair:6   | Found a staircase to the Slime Pits.
 18905 | Lair:6   | Reached skill level 15 in Armour
 18908 | Lair:6   | Paralysed by a hornet for 2 turns
 18981 | Lair:5   | Gained mutation: You are weak. (Str -2) [potion of mutation]
 18981 | Lair:5   | Gained mutation: Your magical capacity is low. (-10% MP) [potion of mutation]
 18981 | Lair:5   | Gained mutation: You possess an exceptional clarity of mind. [potion of mutation]
 18982 | Lair:5   | Lost mutation: You possess an exceptional clarity of mind. [potion of mutation]
 18982 | Lair:5   | Lost mutation: Your magical capacity is low. (-10% MP) [potion of mutation]
 18982 | Lair:5   | Lost mutation: You are weak. (Str -2) [potion of mutation]
 18982 | Lair:5   | Gained mutation: Your spells are a little easier to cast, but a little less powerful. [potion of mutation]
 18982 | Lair:5   | Gained mutation: Your magical capacity is low. (-10% MP) [potion of mutation]
 18982 | Lair:5   | Gained mutation: You are partially covered in rugged brown scales. (AC +1, +3% HP) [potion of mutation]
 19799 | Lair:6   | Reached XP level 14. HP: 24/128 MP: 5/17
 20687 | Lair:6   | Reached skill level 18 in Axes
 22003 | Lair:4   | Reached ****** piety under Trog
 22221 | D:13     | Reached skill level 19 in Axes
 22603 | D:13     | Found a frozen archway.
 22657 | IceCv    | Entered an ice cave
 23023 | IceCv    | Received a gift from Trog
 23982 | D:14     | Reached skill level 20 in Axes
 23994 | D:14     | Received a gift from Trog
 24408 | D:14     | Reached skill level 5 in Dodging
 24408 | D:14     | Reached XP level 15. HP: 108/135 MP: 5/17
 24512 | D:14     | Noticed a sphinx
 24515 | D:14     | Noticed an azure jelly
 24515 | D:14     | Noticed a fire giant
 24515 | D:14     | an azure jelly changed into a fire giant
 24519 | D:14     | Noticed a quicksilver dragon
 24528 | D:14     | Killed a quicksilver dragon
 24547 | D:14     | Found a gate to the Vaults.
 26294 | D:15     | Entered Level 15 of the Dungeon
 26311 | D:15     | Reached skill level 10 in Dodging
 26421 | D:15     | Received a gift from Trog
 26997 | D:15     | Found a staircase to the Depths.
 27755 | Orc:1    | Entered Level 1 of the Orcish Mines
 27773 | Orc:1    | Received a gift from Trog
 27944 | Orc:1    | Found a roughly hewn altar of Beogh.
 28225 | Orc:2    | Entered Level 2 of the Orcish Mines
 28293 | Orc:2    | Found Mitut's General Store.
 28316 | Orc:2    | Found a roughly hewn altar of Beogh.
 28447 | Orc:2    | Bought a scroll of enchant armour for 105 gold pieces
 28464 | Orc:2    | Found Ehuser's Antique Weapon Boutique.
 28761 | Orc:2    | Found Heoppeam's Antique Armour Shoppe.
 28769 | Orc:2    | Reached XP level 16. HP: 131/145 MP: 6/18
 28780 | Orc:2    | Bought a glowing plate armour for 546 gold pieces
 28780 | Orc:2    | Bought a pair of gloves for 94 gold pieces
 28820 | Orc:2    | Found a staircase to the Elven Halls.
 28867 | Orc:2    | Found Efree's Jewellery Boutique.
 28881 | Orc:2    | Bought a +5 ring of protection for 715 gold pieces
 29386 | Spider:1 | Entered Level 1 of the Spider Nest
 29455 | Spider:1 | Blown up by an orb spider

Skill      XL: |  1  2  3  4  5  6  7  8  9 10 11 12 13 14 15 16 |
---------------+-------------------------------------------------+-----
Axes           | 4 5 7 8 9 10 12 15 17 20 | 20.1
Fighting       | 4 10 11 12 13 | 13.2
Evocations     | 3 7 8 |  8.1
Shields        | 5 |  5.6
Armour         | 10 15 | 15.8
Dodging        | 5 12 | 12.6

Action                   |  1- 3 |  4- 6 |  7- 9 | 10-12 | 13-15 | 16-18 || total
-------------------------+-------+-------+-------+-------+-------+-------++-------
Melee: Hand axe          |    97 |   162 |   299 |   118 |    52 |       ||   728
       Headbutt          |     9 |    23 |    73 |   110 |   275 |    10 ||   500
       Demon blade       |       |       |       |    19 |       |       ||    19
       Battleaxe         |       |       |       |   328 |   882 |    30 ||  1240
       Broad axe         |       |       |       |       |     9 |       ||     9
Invok: Burn Spellbooks   |       |       |     1 |       |     2 |       ||     3
       Brothers in Arms  |       |       |       |     3 |     6 |       ||     9
       Berserk           |       |       |       |       |     5 |       ||     5
       Trog's Hand       |       |       |       |       |     5 |     1 ||     6
  Use: Scroll            |       |    10 |     9 |    10 |    11 |     1 ||    41
       Potion            |       |     2 |       |    15 |     7 |     1 ||    25
 Stab: Distracted        |       |       |       |       |     1 |       ||     1
  Eat: Chunk             |     1 |     6 |    13 |    29 |    35 |     2 ||    86
       Meat ration       |       |       |       |       |     3 |       ||     3
Armor: Animal skin       |     9 |       |       |       |       |       ||     9
       Chain mail        |    25 |    90 |   143 |    58 |       |       ||   316
       Scale mail        |     4 |       |       |       |       |       ||     4
       Skin              |       |    28 |       |       |     2 |       ||    30
       Ring mail         |       |       |       |   122 |   376 |     4 ||   502
       Ice dragon scales |       |       |       |       |     1 |       ||     1
Dodge: Dodged            |    52 |    74 |    94 |   252 |   545 |    24 ||  1041
Block: Buckler           |       |       |       |    15 |       |       ||    15
       Other             |       |       |       |       |   134 |    12 ||   146
       Reflection        |       |       |       |       |    17 |     2 ||    19
       Rpst.: Demon blade |       |       |       |     2 |       |       ||     2
